 Dungeon Crawl Stone Soup version 0.27-a0-1312-g5cdb2b3542 (webtiles) character file.

Game seed: 13853549667998384817

208 trckry the Firebug (level 5, 0/23 (28) HPs)
             Began as a Deep Elf Fire Elementalist on June 19, 2021.
             Slain by an orc (1 damage)
             ... on level 6 of the Dungeon.
             The game lasted 00:09:47 (3880 turns).

trckry the Firebug (Deep Elf Fire Elementalist)     Turns: 3880, Time: 00:09:48

HP:   0/23 (28)     AC:  5    Str:  6    XL:     5   Next: 55%
MP:   6/11          EV: 12    Int: 20    God:
Gold: 139           SH:  0    Dex: 15    Spells: 7/10 levels left

rFire    . . .     SeeInvis .   a - +4 quarterstaff (chaos)
rCold    . . .     Faith    .   (shield currently unavailable)
rNeg     . . .     Spirit   .   e - +0 robe
rPois    .         Reflect  .   (no helmet)
rElec    .         Harm     .   o - +1 cloak
rCorr    .         Rampage  .   (no gloves)
Will     .....                  d - +0 pair of boots
Stlth    ++........             (no amulet)
HPRegen  0.07/turn              (no ring)
MPRegen  0.12/turn              (no ring)

@: heavily drained
A: no striking features
a: no special abilities


You were on level 6 of the Dungeon.
You visited 1 branch of the dungeon, and saw 4 of its levels.

You collected 139 gold pieces.

Inventory:

Hand Weapons
 a - a +4 quarterstaff of chaos (weapon)
 b - a +1 dagger of venom
Missiles
 k - 13 poisoned darts
Armour
 d - a +0 pair of boots (worn)
 e - a +0 robe (worn)
 o - a +1 cloak (worn)
Jewellery
 c - an amulet of faith
Wands
 q - a wand of iceblast (7)
Scrolls
 f - 3 scrolls of identify {unknown}
 g - 4 scrolls of noise {unknown}
 h - 2 scrolls of enchant weapon {unknown}
 j - a scroll of amnesia {unknown}
 l - a scroll of teleportation {unknown}
Potions
 i - a potion of curing {unknown}
 m - a potion of invisibility {unknown}
 n - a potion of lignification {unknown}
 p - a potion of attraction {unknown}


   Skills:
 - Level 2.4 Dodging
 - Level 2.4 Stealth
 - Level 3.0 Spellcasting
 * Level 4.3 Conjurations
 * Level 5.4 Fire Magic


You had 7 spell levels left.
You knew the following spells:

 Your Spells              Type           Power      Damage    Failure   Level
a - Foxfire               Conj/Fire      88%        2x1d8     1%          1
b - Call Imp              Summ           3%         N/A       22%         2

Your spell library contained the following spells:

 Spells                   Type           Power      Damage    Failure   Level
 Magic Dart               Conj           80%        1d7       2%          1
 Conjure Flame            Conj/Fire      22%        6-21      6%          3
 Summon Small Mammal      Summ           12%        N/A       14%         1
 Inner Flame              Hex/Fire       13%        N/A       14%         3
 Sticky Flame             Conj/Fire      22%        2d4       19%         4
 Blink                    Tloc           N/A        N/A       22%         2
 Slow                     Hex            3%         N/A       22%         2
 Mephitic Cloud           Conj/Pois/Air  8%         N/A       24%         3
 Call Canine Familiar     Summ           3%         N/A       38%         3
 Summon Guardian Golem    Hex/Summ       3%         N/A       38%         3
 Fireball                 Conj/Fire      11%        3d7       47%         5
 Summon Ice Beast         Ice/Summ       3%         N/A       80%         4
 Summon Lightning Spire   Summ/Air       3%         N/A       80%         4


Dungeon Overview and Level Annotations

Branches:
Dungeon (3/15)

Altars:
Sif Muna


Message History

Your crimson imp hits the orc.
The orc dies!
The orc hits you with a +0 whip.
You take 5 damage, and have 20/25 hp.
You hit the orc.
The orc is severely wounded.
The orc hits you with a +0 whip.
The orc hits your crimson imp with a +1 mace of draining.
The orc wizard gestures wildly while chanting.
The orc wizard flickers and vanishes!
Deactivating autopickup; reactivate with Ctrl-A.
Your crimson imp barely misses the orc.
The orc barely misses you.
You take 2 damage, and have 18/25 hp.
You barely miss the orc.
The orc is heavily wounded.
Your crimson imp disappears in a puff of smoke!
Your crimson imp barely misses the orc.
The orc barely misses you. x2
Your crimson imp closely misses the orc.
Casting: Call Imp (safe; 22% risk of failure)
Confirm with . or Enter, or press ? or * to list all spells.
Nothing appears to happen.
The orc closely misses you. The orc barely misses you. x2
Your crimson imp completely misses the orc.
You now have 6/11 mp.
You hit the orc.
The orc is heavily wounded.
The orc hits you with a +0 whip.
The orc hits you from afar with a +0 trident.
The orc closely misses you.
Your crimson imp barely misses the orc.
You take 9 damage, and have 9/25 hp.
MASSIVE DAMAGE!!
You sock the orc! You burn the orc.
You kill the orc!
The white imp gestures at you.
The puff of frost hits something!
The orc hits you from afar with a +0 trident.
* * * LOW HITPOINT WARNING * * *
The orc hits you with a +1 mace of draining.
* * * LOW HITPOINT WARNING * * *
You feel drained.
You die...

#.# #.# #.# #o####
#.#.≈♣## #.#.≈≈.#
##'#≈.≈.#####
..#########...≈.P.....#
..5o5{)@oo'..).≈......+
..#########...........#
#...........#
##+##########


You could see a white imp, 3 orcs and a friendly crimson imp (summoned).

Vanquished Creatures
  An orc priest (D:3)
  Crazy Yiuf (D:2)
  Ijyb (D:3)
  2 adders (D:2)
  4 worms
  11 dart slugs
  5 orcs
  7 endoplasms
  3 giant cockroaches
  5 goblins
  2 hobgoblins (D:3)
  2 jackals (D:1)
  A quokka (D:1)
  13 ball pythons
  4 bats
  3 frilled lizards
  4 kobolds
  5 rats
74 creatures vanquished.

Vanquished Creatures (collateral kills)
  An orc (D:6)
1 creature vanquished.

Vanquished Creatures (others)
  129 foxfires
129 creatures vanquished.

Grand Total: 204 creatures vanquished

Notes
Turn   | Place    | Note
-------+----------+-------------------------------------------
     0 | D:1      | trckry the Deep Elf Fire Elementalist began the quest for
                  | the Orb.
     0 | D:1      | Reached XP level 1. HP: 10/10 MP: 6/6
   344 | D:1      | Reached XP level 2. HP: 15/15 MP: 4/8
  1295 | D:2      | Reached skill level 4 in Fire Magic
  1363 | D:2      | Found a runed translucent door.
  1364 | D:2      | Noticed Crazy Yiuf
  1553 | D:2      | Reached XP level 3. HP: 16/19 MP: 7/9
  1929 | D:2      | Noticed a golden eye
  2226 | D:2      | Found a faded altar of an unknown god.
  2231 | D:2      | Noticed a shining eye
  2235 | D:2      | Noticed a floating eye
  2235 | D:2      | Noticed a floating eye
  2430 | D:2      | Killed Crazy Yiuf
  2431 | D:2      | Reached XP level 4. HP: 4/24 MP: 10/10
  2791 | D:2      | Learned a level 2 spell: Call Imp
  3057 | D:3      | Found a shimmering blue altar of Sif Muna.
  3066 | D:3      | Reached skill level 5 in Fire Magic
  3070 | D:3      | Reached XP level 5. HP: 9/28 MP: 7/11
  3399 | D:3      | Noticed Ijyb
  3411 | D:3      | Killed Ijyb
  3846 | D:3      | You fall into a shaft and drop 3 floors!
  3880 | D:6      | HP: 1/25 [orc (4)]
  3880 | D:6      | Slain by an orc

Illustrated notes

Levels and vault maps discovered:
D:1:      lightli_arrival_statuegarden, layout_basic
D:2:      layout_basic, hellmonk_ecumenical_altar_watching_god,
          minmay_tree_intersection, uniq_crazy_yiuf_cottage
D:3:      kennysheep_slugbush, layout_loops_ring,
          nicolae_overflow_crystal_walls, grunt_ministairs_14, uniq_ijyb
D:6:      layout_basic, temple_garden, serial_bayou, serial_bayou_pond_b,
          serial_bayou_pond_e, serial_bayou_lake_a, serial_bayou_shore_b,
          serial_shops, nicolae_shop_window_shopping

Skill      XL: |  1  2  3  4 |
---------------+-------------+-----
Conjurations   | 2 3 4 |  4.3
Fire Magic     | 4 5 |  5.4
Dodging        | |  2.4
Stealth        | |  2.4
Spellcasting   | |  3.0

Action                   |  1- 3 |  4- 6 || total
-------------------------+-------+-------++-------
Melee: Long sword        |    22 |       ||    22
       Dagger            |    13 |       ||    13
       Quarterstaff      |       |    50 ||    50
 Cast: Foxfire           |    56 |    20 ||    76
       Call Imp          |       |     3 ||     3
 Stab: Sleeping          |     4 |     3 ||     7
Armor: Robe              |    10 |    14 ||    24
Dodge: Dodged            |    24 |    38 ||    62
       Rpst.: Long sword |     4 |       ||     4

Table legend: (Time is in decaauts)
 A = Elapsed time spent in this place.
 B = Non-inter-level travel time spent in this place.
 C = Inter-level travel time spent in this place.
 D = Time resting spent in this place.
 E = Time spent auto-exploring this place.
 F = Levels seen in this place.
 G = Mean time per level.
                   A        B        C        D        E       F      G
               +--------+--------+--------+--------+--------+-----+--------+
         Total |   3906 |   3807 |     99 |     69 |   3163 |   4 |  976.5 |
       Dungeon |   3906 |   3807 |     99 |     69 |   3163 |   4 |  976.5 |
               +--------+--------+--------+--------+--------+-----+--------+

Top non-repeatable levels by time:
     D:2: 1518 daAuts
     D:1: 1280 daAuts
     D:3: 1069 daAuts
     D:6: 38 daAuts
